cohdb
Replays
Latest Replays
All Replays
Popular Replays
Top Player Replays
Match Explorer
How It Works
Community
CoH3 Stats
Reddit
Sign in to upload your games and track your stats! →
Sign in with Steam
Match 45741905
Unlisted
Match 45741905
Overview
Messages
Build Orders
End
Kradschützen Motorcycle Team
Panzergrenadier Squad
Panzergrenadier Squad
Construct Light Support Kompanie
Panzerpioneer Squad
2.5-tonne Medical Truck
Fire Support Elements
Panzerjäger Squad
Selects Panzerjäger Kommand Battlegroup
Selects Mine Fields
Flakvierling Half-track
Vehicle Survival Package
Selects Tank Busters
Selects Crew Shock Tactics
Pak 38 Mechanized Group
2.5-tonne Medical Truck
MG34 Team
Selects Defensive Positions
Construct Mechanized Kompanie
18-tonne Recovery Half-track
Marder III Tank Destroyer
le.IG 18 Mechanized Group
8 Rad Armored Car
Selects Elefant Tank Destroyer
LINKKI
jeejee
Tehrum
Frostfire
0
0
Comments
sign in to comment!
No comments posted yet!